 Dungeon Crawl Stone Soup version 0.29.1-12-g30fa7ad0bf (webtiles) character file.

Game seed: 16678038546808793213

454 Sanktem7 the Trooper (level 6, -7/58 HPs)
             Began as a Minotaur Fighter on Dec 16, 2022.
             Mangled by Duvessa
             ... wielding a +0 short sword
              (9 damage)
             ... on level 5 of the Dungeon.
             The game lasted 00:07:23 (4327 turns).

Sanktem7 the Trooper (Minotaur Fighter)             Turns: 4327, Time: 00:07:25

Health: -7/58      AC:  7    Str: 23    XL:     6   Next: 76%
Magic:  5/5        EV:  9    Int:  5    God:
Gold:   295        SH:  4    Dex:  9    Spells: 5/5 levels left

rFire   + . .      SeeInvis .   a - +0 war axe {axe}
rCold   x . .      Faith    .   c - +0 buckler
rNeg    . . .      Spirit   .   b - +0 scale mail
rPois   .          Reflect  .   (helmet restricted)
rElec   .          Harm     .   (no cloak)
rCorr   +          Rampage  .   (no gloves)
Will    .....                   (no boots)
Stlth   ..........              (no amulet)
HPRegen 0.19/turn               h - ring of resist corrosion
MPRegen 0.09/turn               u - ring of fire

@: mighty, about to teleport
A: horns 2, retaliatory headbutt
a: no special abilities


You were on level 5 of the Dungeon.
You visited 1 branch of the dungeon, and saw 5 of its levels.

You collected 295 gold pieces.


Innate Abilities, Weirdness & Mutations

You have a pair of horns on your head.
You reflexively headbutt those who attack you in melee.


   Skills:
 * Level 6.4 Fighting
 * Level 5.8 Axes
 + Level 5.3 Armour
 - Level 3.6 Shields


You had 5 spell levels left.
You didn't know any spells.
Your spell library contained the following spells:

 Spells                   Type           Power      Damage    Failure   Level
 Magic Dart               Conj           0%         1d3       86%         1
 Ensorcelled Hibernation  Hex/Ice        0%         N/A       94%         2
 Passwall                 Tmut/Erth      0%         N/A       94%         2
 Scorch                   Fire           0%         2d5       94%         2
 Searing Ray              Conj           0%         2d4       94%         2
 Swiftness                Air            0%         N/A       99%         3
 Flame Wave               Conj/Fire      0%         2d4       100%        4
 Fulminant Prism          Conj/Hex       0%         3d6       100%        4
 Summon Cactus Giant      Summ           0%         N/A       100%        6

Inventory:

Hand Weapons
 a - a +0 war axe (weapon) {axe}
Missiles
 n - 81 stones (quivered) {throwing}
 x - a boomerang {throwing}
 B - 14 poisoned darts {throwing}
 C - a curare-tipped dart {=fthrowing}
Armour
 b - a +0 scale mail (worn)
 c - a +0 buckler (worn)
Jewellery
 h - a ring of resist corrosion (left hand)
   (You found it on level 1 of the Dungeon)
 u - a ring of fire (right hand)
   (You took it off a hobgoblin on level 2 of the Dungeon)
Scrolls
 i - 2 scrolls of teleportation {@r4}
 l - a scroll of immolation {unknown}
 m - 2 scrolls of blinking {unknown}
 o - 3 scrolls of poison {unknown}
 p - 6 scrolls of identify {unknown}
 v - a scroll of torment {unknown}
 w - a scroll of fear {unknown}
 A - a scroll of amnesia {unknown}
 F - 2 scrolls of enchant armour {unknown}
Potions
 e - 2 potions of haste {@q3}
 f - 2 potions of heal wounds {unknown}
 g - a potion of mutation {unknown}
 q - 2 potions of invisibility {unknown}
 r - 2 potions of attraction {unknown}
 s - a potion of curing {unknown}
 z - a potion of cancellation {unknown}
 E - a potion of resistance {unknown}

Dungeon Overview and Level Annotations

Branches:
Dungeon (5/15) Zot: 25582
 Temple: D:4-7

Altars:
Dithmenos
Elyvilon
Hepliaklqana
Okawaru
Wu Jian
Zin

Annotations:
D:5 Dowan, Duvessa, Eustachio

#........ ...#
....<........#
#...... ..##.#
......###.##.##
#. ...........#
#. #.........# #.
#........?# #
#.###...e...†.#.#
#.e@).o....)....#
#####.........###
#...............
#.........###<##
#.........#
###########


You could see Duvessa (fast), Dowan and an orc.


Message History

You are too injured to fight recklessly!
You are too injured to fight recklessly!
You are too injured to fight recklessly!
You are too injured to fight recklessly!
You are too injured to fight recklessly!
You are too injured to fight recklessly!
You are too injured to fight recklessly!
The iguana attacks as you move away! The iguana bites you! 😮 HP[-10]
You take 10 damage, and now have 31/57 hp.
You hit the iguana. The iguana bites you!
* * * LOW HITPOINT WARNING * * *
😨 HP[-8]
You take 8 damage, and now have 23/57 hp.
You hit the iguana. The iguana bites you!
* * * LOW HITPOINT WARNING * * *
The iguana bites you!
* * * LOW HITPOINT WARNING * * *
😱 HP[-17]
You take 17 damage, and now have 6/57 hp.
MASSIVE DAMAGE!! (PAUSE)
You slash the iguana!
You kill the iguana! 😱 HP[+1]
You now have 58 max hp (+1).
Unknown command.
An adder comes into view. 😱 HP[+6]
You regained 6 hp, and now have 13/58 hp.
An adder is nearby!
An adder is nearby!
An orc wizard and an orc come into view.
Found an escape hatch in the ceiling.
The orc wizard shouts!
The orc shouts! 😱 HP[+1] Dowan, Brother of Duvessa comes into view.
He is wielding a +0 dagger and carrying a wand of flame (23).
Found a stone staircase leading up.
The adder misses you. You furiously retaliate!
You headbutt the adder! Dowan gestures at you while chanting.
The puff of frost hits you but does no damage.
The adder attacks as you move away! The adder bites you but does no damage.
Dowan mumbles some strange words.
Dowan blinks!
The adder bites you but does no damage.
There are no items here.
There are no items here.
The adder attacks as you move away! You block the adder's attack.
The orc wizard gestures wildly while chanting.
The orc wizard flickers and vanishes!
Deactivating autopickup; reactivate with Ctrl-A. 😨 HP[+1]
The adder attacks as you move away! The adder bites you but does no damage.
You hit the adder.
You kill the adder!
You hit the orc but do no damage. Your headbutt misses the orc.
The orc hits you but does no damage. 😨 HP[+1]
You closely miss the orc. You barely miss something.
Your headbutt misses something. Something hits you but does no damage.
You closely miss something. Something hits you but does no damage.
Dowan mumbles some strange words.
Dowan blinks!
You slash something!
Reactivating autopickup.
You feel a bit more experienced. 😨 HP[+1]
You slash the orc!
You kill the orc!
An orc comes into view. It is wielding a +0 flail.
Duvessa, Sister of Dowan comes into view.
She is wielding a +0 short sword and wearing a +1 ring mail of positive energy.
Items here: )) [[ ††.
You feel very mighty all of a sudden.
The orc shouts!
Dowan gestures at you while chanting. The puff of flame hits you. You resist.
* * * LOW HITPOINT WARNING * * *
😨 HP[-2]
You take 2 damage, and now have 15/58 hp.
As you read the scroll of teleportation {@r4}, it crumbles to dust.
You feel strangely unstable.
Duvessa drinks a potion.
Duvessa seems to speed up.
Duvessa hits you with a +0 short sword!
* * * LOW HITPOINT WARNING * * *
Dowan casts a spell.
Dowan blinks!
You block Duvessa's attack. 😱 HP[-7]
You take 7 damage, and now have 8/58 hp.
You slash Duvessa! Your headbutt misses Duvessa.
Duvessa hits you with a +0 short sword.
* * * LOW HITPOINT WARNING * * *
You block Duvessa's attack.
Dowan points at you and mumbles some strange words.
The puff of flame hits you. You resist.
* * * LOW HITPOINT WARNING * * *
😱 HP[-6]
You take 6 damage, and now have 2/58 hp.
You slash Duvessa! Your headbutt misses Duvessa.
Duvessa hits you with a +0 short sword!
You die...

Skill      XL: |  1  2  3  4  5  6 |
---------------+-------------------+-----
Fighting       | 4 5 6 |  6.4
Axes           | 3 4 5 |  5.8
Armour         | 4 5 |  5.3
Shields        | |  3.6

Action                   |  1- 3 |  4- 6 || total
-------------------------+-------+-------++-------
Melee: War axe           |    93 |   184 ||   277
       Headbutt          |     9 |    20 ||    29
  Use: Scroll            |       |     3 ||     3
       Potion            |       |     1 ||     1
Armor: Scale mail        |    39 |    79 ||   118
Dodge: Dodged            |    43 |    94 ||   137
Block: Buckler           |    21 |    49 ||    70

Levels and vault maps discovered:
D:1:      scummos_arrival_simple_crosswalls, layout_rooms,
          basic_ecumenical_altar, amcnicky_mini_corridor_feature,
          minmay_rat_gold_closets
D:2:      layout_loops_ring, eino_tiny_chamber
D:3:      layout_loops_ring, grunt_temple_overflow_open,
          amethyst_overflow_temple_binary, mainiacjoe_overflow_24_doors,
          elyvilon_altar_4
D:4:      kennysheep_kobold_camp, layout_gridville,
          ebering_ghost_reflecting_pool, chequers_serial_rivers_micro_e,
          chequers_garden, grunt_decor_mini_mirrors, kennysheep_generic_room_3
D:5:      layout_loops_ring, nicolae_sif_muna_condensation,
          minmay_temple_entry_glassed_door, amethyst_killhole, uniq_eustachio,
          uniq_duvessa

Notes
Turn   | Place    | Note
-------+----------+-------------------------------------------
     0 | D:1      | Sanktem7 the Minotaur Fighter began the quest for the Orb.
     0 | D:1      | Reached XP level 1. HP: 19/19 MP: 0/0
     0 | D:1      | magus.rc [v1.9.6]
   191 | D:1      | Found a faded altar of an unknown god.
   194 | D:1      | HP: 5/20 [quokka (4)]
   198 | D:1      | Reached XP level 2. HP: 7/27 MP: 1/1
   424 | D:1      | Reached skill level 4 in Fighting
   445 | D:1      | Reached skill level 3 in Axes
   649 | D:1      | Reached skill level 4 in Armour
   649 | D:1      | Reached XP level 3. HP: 33/33 MP: 2/2
  1080 | D:2      | You pick up a book of Conjurations {@e2} and begin
                  | reading...
  1080 | D:2      | You add the spells Magic Dart, Searing Ray and Fulminant
                  | Prism to your library.
  1250 | D:2      | Reached XP level 4. HP: 37/41 MP: 3/3
  1373 | D:2      | Reached skill level 4 in Axes
  1421 | D:2      | Reached skill level 5 in Fighting
  1881 | D:3      | Found a glowing silver altar of Zin.
  1883 | D:3      | Found a shadowy altar of Dithmenos.
  2008 | D:3      | Reached XP level 5. HP: 33/48 MP: 4/4
  2396 | D:3      | Found an ornate altar of the Wu Jian Council.
  2581 | D:3      | Found a white marble altar of Elyvilon.
  2665 | D:3      | You pick up a book of Scorching and begin reading...
  2665 | D:3      | You add the spells Scorch, Flame Wave and Summon Cactus
                  | Giant to your library.
  2901 | D:3      | Found a hazy altar of Hepliaklqana.
  2901 | D:3      | Found an iron altar of Okawaru.
  3141 | D:4      | Reached skill level 6 in Fighting
  3141 | D:4      | Reached skill level 5 in Axes
  3141 | D:4      | Reached XP level 6. HP: 45/57 MP: 5/5
  3142 | D:4      | Reached skill level 5 in Armour
  3727 | D:4      | Found a runed translucent door.
  3729 | D:4      | Noticed mkat's ghost (weakling TeDe)
  3846 | D:4      | You pick up a book of Burglary and begin reading...
  3846 | D:4      | You add the spells Passwall, Ensorcelled Hibernation and
                  | Swiftness to your library.
  4207 | D:4      | Killed mkat's ghost
  4256 | D:5      | Entered Level 5 of the Dungeon
  4259 | D:5      | Noticed Eustachio
  4268 | D:5      | HP: 14/57 [iguana (9)]
  4268 | D:5      | HP: 6/57 [iguana (8)]
  4307 | D:5      | Noticed Dowan
  4322 | D:5      | Noticed Duvessa
  4325 | D:5      | HP: 8/58 [Duvessa/+0 short sword (8)]
  4326 | D:5      | HP: 2/58 [Dowan/puff of flame (4)]
  4327 | D:5      | Mangled by Duvessa

Vanquished Creatures
  A kobold brigand (D:4)
  A jelly (D:4)
  An iguana (D:5)
  An orc wizard (D:5)
  7 gnolls (D:3)
  9 adders
  The ghost of mkat the Sneak, a weakling TeDe (D:4)
  5 dart slugs
  10 orcs
  2 bats
  8 endoplasms
  5 giant cockroaches
  3 goblins
  8 hobgoblins
  4 jackals (D:3)
  6 quokkas
  11 ball pythons
  4 frilled lizards
  28 kobolds
  16 rats
131 creatures vanquished.

Vanquished Creatures (others)
  A quokka (D:3)
  27 plants (D:4)
28 creatures vanquished.

Grand Total: 159 creatures vanquished

Table legend:
 A = Non-vault XP
 B = Vault XP
 C = Vault XP percentage of total XP
 D = Non-vault monster count
 E = Vault monster count
 F = Vault count percentage of total count
                 A         B        C        D         E       F
            +---------+---------+-------+---------+---------+-------
      Total |     511 |     138 |  21.3 |     101 |      30 |  22.9
            +---------+---------+-------+---------+---------+-------
        D:1 |      49 |       8 |  14.0 |      26 |       8 |  23.5
        D:2 |     117 |       0 |   0.0 |      26 |       0 |   0.0
        D:3 |     152 |       0 |   0.0 |      32 |       0 |   0.0
        D:4 |      98 |     130 |  57.0 |      12 |      22 |  64.7
        D:5 |      95 |       0 |   0.0 |       5 |       0 |   0.0
            +---------+---------+-------+---------+---------+-------

Illustrated notes

Table legend:
 A = Kills in this place as a percentage of kills in entire the game.
 B = Kills by you in this place as a percentage of kills by you in the entire game.
 C = Kills by friends in this place as a percentage of kills by friends in the entire game.
 D = Other kills in this place as a percentage of other kills in the entire game.
 E = Experience gained in this place as a percentage of experience gained in the entire game.
 F = Experience gained in this place divided by the number of levels of this place that you have seen.
                   A       B       C       D       E      F
               +-------+-------+-------+-------+-------+----------------------
         Total | 100.0 | 100.0 |   N/A |   N/A | 100.0 | 129.8
       Dungeon | 100.0 | 100.0 |   N/A |   N/A | 100.0 | 129.8
               +-------+-------+-------+-------+-------+----------------------

Table legend: (Time is in decaauts)
 A = Elapsed time spent in this place.
 B = Non-inter-level travel time spent in this place.
 C = Inter-level travel time spent in this place.
 D = Time resting spent in this place.
 E = Time spent auto-exploring this place.
 F = Levels seen in this place.
 G = Mean time per level.
                   A        B        C        D        E       F      G
               +--------+--------+--------+--------+--------+-----+--------+
         Total |   4415 |   4328 |     87 |      0 |   3616 |   5 |  883.0 |
       Dungeon |   4415 |   4328 |     87 |      0 |   3616 |   5 |  883.0 |
               +--------+--------+--------+--------+--------+-----+--------+

Top non-repeatable levels by time:
     D:4: 1271 daAuts
     D:3: 1162 daAuts
     D:2: 975 daAuts
     D:1: 931 daAuts
     D:5: 74 daAuts
